 Dungeon Crawl Stone Soup version bcrawl-1.28.1b (webtiles) character file.

Game seed: 18233548534270779944

288092 Morbidden the Awoken (level 8, -8/67 HPs)
             Began as a Demigod Archaeologist on Jan 1, 2021.
             Mangled by an ogre
             ... wielding a +0 giant club
              (13 damage)
             ... on level 7 of the Dungeon.
             The game lasted 00:09:14 (4576 turns).

Morbidden the Awoken (Demigod Archaeologist)        Turns: 4576, Time: 00:09:15

Health: -8/67      AC: 11    Str: 22    XL:     8   Next: 63%
Magic:  15/15      EV:  5    Int: 18    God:    Demigod [***...]
Gold:   106        SH:  0    Dex: 15    Spells: 12/12 levels left

rFire    . . .     SeeInvis .   b - +8 hunting sling of Fadodief {freeze, rN+ Str+3 Stlth+}
rCold    . . .     Gourm    .   (no shield)
rNeg     + . .     Faith    +   E - +0 chain mail
rPois    +         Spirit   .   o - +0 helmet
rElec    +         Reflect  .   (no cloak)
rCorr    .         Harm     .   (no gloves)
MR       .....                  d - +1 pair of boots
Stlth    ..........             v - amulet of faith
HPRegen  0.21/turn              c - ring of insulation
MPRegen  0.14/turn              f - ring of poison resistance

@: about to teleport, petrifying, very slow
A: high mp 1
a: Temporal Distortion, Growth, Major Destruction


You were on level 7 of the Dungeon.
You worshipped Demigod.
Demigod was most pleased with you.
You were not hungry.

You visited 1 branch of the dungeon, and saw 7 of its levels.

You collected 261 gold pieces.
You spent 155 gold pieces at shops.

Inventory:

Hand Weapons
 a - a +3 short sword
 b - the +8 hunting sling of Fadodief (weapon) {freeze, rN+ Str+3 Stlth+}
   (You acquired it on level 4 of the Dungeon)

   It causes projectiles fired from it to freeze those they strike, increasing
   damage dealt by approximately one third against foes not resistant or
   susceptible to cold, and potentially slowing cold-blooded foes.
   It affects your strength (+3).
   It protects you from negative energy.
   It makes you more stealthy.
 z - a +0 blowgun
 L - a +0 shortbow
Missiles
 k - 1032 arrows
 m - 705 bolts
 p - 1014 stones (quivered)
 q - 169 javelins
 y - 48 curare-tipped needles
 A - 261 poisoned needles
Armour
 d - a +1 pair of boots (worn)
 n - a +1 robe
 o - a +0 helmet (worn)
 E - a +0 chain mail (worn)
Jewellery
 c - a ring of insulation (left hand)
 f - a ring of poison resistance (right hand)
 v - an amulet of faith (around neck)
 B - the ring "Nuoskob" {Ice rElec rPois}
   (You found it on level 6 of the Dungeon)

   [ring of ice]

   It enhances your ice magic.
   It makes you vulnerable to fire.
   It protects you from cold.
   It insulates you from electricity.
   It protects you from poison.
 G - an uncursed amulet of the acrobat {unknown}
 I - an uncursed ring of wizardry {unknown}
Wands
 r - a wand of clouds (7)
 D - a wand of digging (7)
Scrolls
 g - 5 scrolls of magic mapping
 h - 2 scrolls of immolation
 j - 2 scrolls of remove curse
 s - 2 scrolls of teleportation
 u - 2 scrolls of fear {unknown}
 w - a scroll of blinking {unknown}
 C - a scroll of enchant armour {unknown}
 H - a scroll of noise {unknown}
 J - 3 scrolls of identify
Potions
 i - 3 potions of mutation
 l - a potion of cancellation {unknown}
 t - 2 potions of might {unknown}
 x - 3 potions of curing
 F - a potion of berserk rage {unknown}
 K - a potion of magic {unknown}
Comestibles
 e - 9 rations {!d}


   Skills:
 * Level 4.7 Fighting
 + Level 0.6 Short Blades
   Level 0.9 Maces & Flails
 + Level 5.4 Slings
 + Level 1.3 Armour
 * Level 4.1 Dodging
 + Level 3.4 Stealth
 * Level 2.8 Spellcasting
 * Level 5.5 Invocations


You had 12 spell levels left.
You didn't know any spells.
Your spell library was empty.

Dungeon Overview and Level Annotations

Branches:
Dungeon (7/12)             Temple (0/1) D:4
   Lair: D:7-9

Shops:
D:4 =   D:6 *(((   D:7 !


Innate Abilities, Weirdness & Mutations

You have an increased reservoir of magic. (+10% MP)


Message History

The basilisk bites you!
* * * LOW HITPOINT WARNING * * *
You turn to flesh and can move again.
No path to travel!
No path to travel!
No path to travel!
No path to travel!
No path to travel!
No path to travel!
Okay, then.
The basilisk gazes at you.
You are slowing down.
Unknown command.
As you read the scroll labeled WANAMU XURIEMYDA, it crumbles to dust.
You feel strangely unstable.
It was a scroll of teleportation.
The basilisk gazes at you. You resist with some effort.
The ogre hits you with a +0 giant club!!
You die...
Your divinity fades.

.. ...##+### ........#
.......+ ... #######.....#
....
######.....#.....##+##....
....##.....'..............
....#......#..............
....'......#....@.8.......
.)..##.....#.....Ol.......
....##.....#......∩.......
....##.....#.......o......
...........+......<.......
...........#..............
...........######.8.......
...........# #.........
...........# #.........


You could see a basilisk, an ogre and an orc.

Vanquished Creatures
  A troll (D:5)
  A hungry ghost (D:7)
  A phantom (D:5)
  An ogre (D:7)
  A centaur (D:7)
  A bullfrog (D:7)
  2 scorpions (D:6)
  A wight (D:5)
  2 howler monkeys
  3 crimson imps
  2 jellies (D:6)
  2 orc priests (D:5)
  A bullfrog skeleton (D:5)
  2 hounds (D:5)
  5 orc wizards
  2 worker ants (D:4)
  A hound zombie (D:5)
  7 gnolls
  4 adders
  3 oozes
  A worm (D:1)
  3 dart slugs
  7 leopard geckos
  17 orcs
  3 bats
  2 giant cockroaches
  3 goblins
  13 hobgoblins
  4 jackals
  6 quokkas
  A ball python (D:1)
  2 kobolds
  A quokka skeleton (D:4)
  2 rats (D:1)
108 creatures vanquished.

Notes
Turn   | Place    | Note
-------+----------+-------------------------------------------
     0 | D:1      | Morbidden the Demigod Archaeologist began the quest for the
                  | Orb.
     0 | D:1      | Reached XP level 1. HP: 15/15 MP: 3/3
    73 | D:1      | Reached skill level 1 in Fighting
   284 | D:1      | Reached XP level 2. HP: 20/23 MP: 4/4
   465 | D:1      | Reached skill level 1 in Invocations
   590 | D:1      | Reached XP level 3. HP: 22/28 MP: 6/6
  1246 | D:2      | Reached * piety under Demigod
  1987 | D:3      | Reached XP level 4. HP: 36/36 MP: 7/7
  2042 | D:3      | Reached skill level 1 in Slings
  2140 | D:3      | Found a faded altar of an unknown god.
  2334 | D:2      | Found a shimmering blue altar of Sif Muna.
  2751 | D:4      | Reached XP level 5. HP: 36/41 MP: 9/9
  2751 | D:4      | Identified a scroll of acquirement
  2751 | D:4      | Identified the +8 hunting sling of Fadodief {freeze, rN+
                  | Str+3 Stlth+} (You acquired it on level 4 of the Dungeon)
  2751 | D:4      | Identified the +0 pair of gloves "Gaenauha" {*Corrode Str+2
                  | Int+2} (You acquired it on level 4 of the Dungeon)
  2796 | D:4      | Reached skill level 1 in Spellcasting
  2918 | D:4      | Found Enotoik's Jewellery Emporium.
  2941 | D:4      | Reached XP level 6. HP: 50/50 MP: 10/10
  2962 | D:4      | Found a staircase to the Ecumenical Temple.
  3048 | D:5      | Entered Level 5 of the Dungeon
  3048 | D:5      | Noticed a troll
  3091 | D:5      | Killed a troll
  3092 | D:5      | Reached XP level 7. HP: 57/57 MP: 10/12
  3129 | D:5      | Reached ** piety under Demigod
  3467 | D:5      | Found a glowing golden altar of the Shining One.
  3798 | D:6      | Found Opruurush's Assorted Antiques.
  3805 | D:6      | Bought a large jasper amulet for 155 gold pieces
  3819 | D:6      | Reached XP level 8. HP: 66/66 MP: 14/14
  3831 | D:6      | Got a wavering platinum ring
  3833 | D:6      | Identified the ring "Nuoskob" {Ice rElec rPois} (You found
                  | it on level 6 of the Dungeon)
  3900 | D:6      | Reached skill level 5 in Invocations
  4005 | D:6      | Found Naxuq's Antique Weapon Emporium.
  4033 | D:6      | Found Niuzerye's Weapon Boutique.
  4127 | D:6      | Found Lyfaj's Weapon Shop.
  4494 | D:7      | Reached skill level 5 in Slings
  4494 | D:7      | Reached skill level 1 in Armour
  4538 | D:7      | Reached *** piety under Demigod
  4539 | D:7      | Found Vanuocso's Distillery.
  4576 | D:7      | Mangled by an ogre

Skill      XL: |  1  2  3  4  5  6  7  8 |
---------------+-------------------------+-----
Fighting       | 1 2 3 4 |  4.7
Invocations    | 1 2 3 4 5 |  5.5
Dodging        | 3 4 |  4.1
Slings         | 2 3 4 5 |  5.4
Spellcasting   | 1 2 |  2.8
Armour         | 1 |  1.3
Short Blades   | |  0.6
Maces & Flails | |  0.9
Stealth        | |  3.4

Action                   |  1- 3 |  4- 6 |  7- 9 || total
-------------------------+-------+-------+-------++-------
Melee: Whip              |    33 |       |       ||    33
       Short sword       |    41 |     1 |       ||    42
 Fire: Hunting sling     |    75 |    89 |   149 ||   313
       Blowgun           |       |    15 |       ||    15
  Use: Scroll            |     3 |     1 |     4 ||     8
 Stab: Sleeping          |     9 |       |       ||     9
  Eat: Chunk             |     8 |     6 |    12 ||    26
Armor: Robe              |    36 |     7 |     3 ||    46
       Chain mail        |       |       |    25 ||    25
Dodge: Dodged            |    75 |    31 |    37 ||   143
